 Dungeon Crawl Stone Soup version 0.31-a0-188-g5e087ee2ca (webtiles) character file.

Game seed: 4415345962004679290

679 qw the Skirmisher (level 7, 0/40 HPs)
             Began as a Deep Elf Hunter on June 23, 2023.
             Slain by a yak (10 damage)
             ... on level 4 of the Dungeon.
             The game lasted 00:01:09 (2842 turns).

qw the Skirmisher (Deep Elf Hunter)                 Turns: 2842, Time: 00:01:09

Health: 0/40       AC: 10    Str: 10    XL:     7   Next: 34%
Magic:  9/9        EV: 11    Int: 14    God:
Gold:   162        SH:  0    Dex: 18    Spells: 6/6 levels left

rFire   . . .        Y - +0 shortbow (drain)
rCold   . . .        (shield currently unavailable)
rNeg    . . .        d - +0 ring mail
rPois   .            k - +0 helmet
rElec   .            a - scarf {repulsion}
rCorr   .            (no gloves)
SInv    .            (no boots)
Will    .....        i - amulet of faith
Stlth   +            h - +4 ring of protection
HPRegen 0.26/turn    (no ring)
MPRegen 0.11/turn

%: repel missiles, faith
@: no status effects
A: no striking features
a: no special abilities


You were on level 4 of the Dungeon.
You visited 1 branch of the dungeon, and saw 5 of its levels.

You collected 162 gold pieces.


   Skills:
 - Level 2.0 Fighting
 + Level 11.2 Ranged Weapons
 - Level 1.0 Armour
 - Level 3.0 Dodging
 - Level 1.2 Stealth


You had 6 spell levels left.
You didn't know any spells.
Your spell library was empty.

Inventory:

Hand Weapons
 Y - a +0 shortbow of draining (weapon)
Armour
 a - a scarf of repulsion (worn)
 d - a +0 ring mail (worn)
 k - a +0 helmet (worn)
Jewellery
 h - a +4 ring of protection (left hand)
 i - an amulet of faith (around neck)
Wands
 l - a wand of digging (6)
Scrolls
 c - a scroll of identify
Potions
 b - a potion of mutation
 e - a potion of enlightenment
 f - 3 potions of curing

Dungeon Overview and Level Annotations

Branches:
Dungeon (5/15)
 Temple: D:4-7

Altars:
Gozag


Message History

You shoot an arrow. The arrow hits the yak.
You drain the yak.
The yak is severely wounded.
The yak closely misses you. The yak gores you. The yak gores you!
2832 ||| DRINKING 2 potions of heal wounds.
You feel much better. The yak gores you but does no damage.
The yak barely misses you. The yak gores you.
You shoot an arrow. The arrow barely misses the yak.
The yak gores you. The yak barely misses you. x2
You shoot an arrow. The arrow hits the yak.
You drain the yak.
The yak is almost dead.
The yak gores you. The yak closely misses you. The yak gores you!
2835 ||| DRINKING potion of heal wounds.
You feel much better. The yak gores you! The yak gores you but does no damage.
The yak misses you.
You shoot an arrow. The arrow completely misses the yak.
The yak gores you. The yak misses you. The yak gores you but does no damage.
You shoot an arrow. The arrow hits the yak.
You kill the yak!
The yak barely misses you. The yak gores you but does no damage.
Your Ranged Weapons skill increases to level 11!
You shoot an arrow. The arrow hits the yak!
The yak is heavily wounded.
The yak gores you but does no damage. The yak gores you.
You shoot an arrow.
The arrow hits the yak but does no damage.
You drain the yak.
The yak is heavily wounded.
The yak gores you but does no damage. x2
You shoot an arrow.
The arrow hits the yak but does no damage.
The yak is heavily wounded.
The yak gores you! The yak gores you but does no damage.
You shoot an arrow. The arrow hits the yak!
You drain the yak.
The yak is almost dead.
The yak closely misses you. The yak misses you.
You shoot an arrow. The arrow hits the yak.
You kill the yak!
The yak gores you!
You die...

##
###.###..........#
#...# #..........#
###.### #####.######
#######...# #.#
........### #.#
.#####%.### #.# ###
##...### ##.# ..#
###...######..# #.#
###....Y@%.## #<##
#........# #..##
#####........#
##..###...(........#
...................#
###########........#
#############.####.#
.........# #...##.#
####.....# ###.##.#


You could see a yak.

Vanquished Creatures
  Sigmund (D:3)
  2 yaks (D:4)
  A black bear (D:4)
  A scorpion (D:4)
  A jelly (D:4)
  Jessica (D:2)
  Robin (D:3)
  4 gnolls (D:4)
  3 adders (D:4)
  A worm (D:3)
  3 dart slugs
  2 bats
  9 endoplasms
  3 giant cockroaches
  16 goblins
  12 hobgoblins
  9 jackals
  4 kobolds
  6 quokkas
  5 ball pythons
  3 frilled lizards (D:1)
  2 rats
90 creatures vanquished.

Notes
Turn   | Place    | Note
-------+----------+-------------------------------------------
     0 | D:1      | qw the Deep Elf Hunter began the quest for the Orb.
     0 | D:1      | Reached XP level 1. HP: 12/12 MP: 3/3
     0 | D:1      | 0 ||| qw: Version: 0.3-a-9-g12657ce
     0 | D:1      | 0 ||| qw: Game counter: 4109
     0 | D:1      | 0 ||| qw: Always use a shield: true
     0 | D:1      | 0 ||| qw: God list: Okawaru
     0 | D:1      | 0 ||| qw: Allow faded altars: false
     0 | D:1      | 0 ||| qw: Do Orc after D:15 true
     0 | D:1      | 0 ||| qw: Do second Lair branch before Depths: true
     0 | D:1      | 0 ||| qw: Lair rune preference: random
     0 | D:1      | 0 ||| qw: Plans: Normal
     0 | D:1      | 0 ||| PLANNING D:1-11
   169 | D:1      | Reached skill level 6 in Ranged Weapons
   169 | D:1      | Reached XP level 2. HP: 16/16 MP: 4/4
   389 | D:1      | Reached XP level 3. HP: 20/20 MP: 5/5
   716 | D:1      | 716 ||| UPGRADING to +0 helmet.
   721 | D:1      | 721 ||| READING scroll labelled SYRPHI ZUFAB.
   722 | D:1      | 722 ||| READING scroll labelled OCACSEE UGIL.
   723 | D:1      | 723 ||| READING scroll labelled XIYGGYTUSOT.
   724 | D:1      | 724 ||| READING scroll labelled WODERAONISH.
   725 | D:1      | 725 ||| READING scroll labelled BAOGAZEERR.
   726 | D:1      | 726 ||| DRINKING 2 yellow potions.
   727 | D:1      | 727 ||| DRINKING 2 cyan potions.
   728 | D:1      | 728 ||| DROPPING scroll of butterflies.
   729 | D:1      | 729 ||| DROPPING potion of degeneration.
   787 | D:2      | Reached skill level 7 in Ranged Weapons
  1200 | D:2      | Noticed Jessica
  1201 | D:2      | Killed Jessica
  1202 | D:2      | Reached XP level 4. HP: 25/25 MP: 6/6
  1316 | D:2      | 1316 ||| UPGRADING to scarf of repulsion.
  1321 | D:2      | 1321 ||| UPGRADING to +0 ring mail.
  1331 | D:2      | 1331 ||| DROPPING +0 leather armour.
  1332 | D:2      | 1332 ||| READING scroll labelled ZIQIENEIMP.
  1333 | D:2      | 1333 ||| DRINKING 3 clear potions.
  1334 | D:2      | 1334 ||| DRINKING 2 sedimented pink potions.
  1529 | D:3      | Found an opulent altar of Gozag.
  1532 | D:3      | Found an opulent altar of Gozag.
  1537 | D:3      | Found an opulent altar of Gozag.
  1567 | D:3      | Found a faded altar of an unknown god.
  1687 | D:3      | Noticed Sigmund
  1691 | D:3      | Killed Sigmund
  1692 | D:3      | Reached skill level 9 in Ranged Weapons
  1692 | D:3      | Reached XP level 5. HP: 29/29 MP: 7/7
  1893 | D:3      | Noticed Robin
  1902 | D:3      | 1902 ||| FLEEEEING.
  1903 | D:3      | 1903 ||| FLEEEEING.
  1917 | D:3      | 1917 ||| FLEEEEING.
  1918 | D:3      | 1918 ||| FLEEEEING.
  1919 | D:3      | 1919 ||| FLEEEEING.
  1926 | D:3      | Reached XP level 6. HP: 34/35 MP: 8/8
  1942 | D:3      | Killed Robin
  1950 | D:3      | Found an opulent altar of Gozag.
  2014 | D:3      | 2014 ||| READING 2 scrolls labelled XOPONY LUYXAE.
  2015 | D:3      | 2015 ||| READING scroll labelled FANEUMNORGHO.
  2075 | D:4      | Reached skill level 10 in Ranged Weapons
  2182 | D:4      | 2182 ||| Stepping ~*~*~tactically~*~*~ (outnumbered).
  2189 | D:4      | Reached skill level 3 in Dodging
  2360 | D:4      | Reached skill level 1 in Armour
  2394 | D:4      | Reached XP level 7. HP: 20/40 MP: 9/9
  2717 | D:4      | 2717 ||| UPGRADING to amulet of faith.
  2722 | D:4      | 2722 ||| UPGRADING to +4 ring of protection.
  2723 | D:4      | 2723 ||| READING scroll labelled WYXKUQAPLU.
  2795 | D:4      | 2795 ||| READING 3 scrolls of identify.
  2795 | D:4      | 2795 ||| IDENTIFYING bubbling inky potion
  2796 | D:4      | 2796 ||| READING 2 scrolls of identify.
  2796 | D:4      | 2796 ||| IDENTIFYING bubbling sapphire potion
  2797 | D:4      | 2797 ||| DROPPING potion of attraction.
  2821 | D:5      | Entered Level 5 of the Dungeon
  2821 | D:5      | Noticed a yak
  2821 | D:5      | Noticed a yak
  2821 | D:5      | Noticed a yak
  2821 | D:5      | Noticed a yak
  2822 | D:5      | Noticed a yak
  2828 | D:5      | 2828 ||| STAIRDANCE
  2831 | D:4      | HP: 5/40 [yak (10)]
  2832 | D:4      | 2832 ||| DRINKING 2 potions of heal wounds.
  2835 | D:4      | 2835 ||| DRINKING potion of heal wounds.
  2837 | D:4      | Killed a yak
  2838 | D:4      | Reached skill level 11 in Ranged Weapons
  2840 | D:4      | HP: 10/40 [yak (10)]
  2842 | D:4      | Killed a yak
  2842 | D:4      | Slain by a yak

Levels and vault maps discovered:
D:1:      wander_arrival_fairy_ring, layout_basic, minmay_misc_feat_alley,
          wad_floor_pattern_untrapped, chequers_jeans
D:2:      layout_loops_ring, uniq_jessica
D:3:      layout_loops_ring, nicolae_gozag_conspicuous_consumption,
          hellmonk_ecumenical_altar_run_dry, st_stairs_5, uniq_robin,
          uniq_sigmund
D:4:      layout_rooms
D:5:      layout_basic, minmay_temple_entry_tees

Skill      XL: |  1  2  3  4  5  6  7 |
---------------+----------------------+-----
Ranged Weapons | 6 7 9 10 11 | 11.2
Fighting       | 2 |  2.0
Dodging        | 3 |  3.0
Armour         | 1 |  1.0
Stealth        | |  1.2

Action                     |  1- 3 |  4- 6 |  7- 9 || total
---------------------------+-------+-------+-------++-------
   Fire: Shortbow          |   101 |   126 |    25 ||   252
    Use: Scroll            |     5 |     3 |     3 ||    11
         Potion            |     2 |     2 |     2 ||     6
 Armour: Leather armour    |     9 |       |       ||     9
         Ring mail         |       |     4 |    10 ||    14
  Dodge: Dodged            |    30 |    36 |    13 ||    79

Table legend:
 A = Non-vault XP
 B = Vault XP
 C = Vault XP percentage of total XP
 D = Non-vault monster count
 E = Vault monster count
 F = Vault count percentage of total count
                 A         B        C        D         E       F
            +---------+---------+-------+---------+---------+-------
      Total |     852 |     317 |  27.1 |      72 |      18 |  20.0
            +---------+---------+-------+---------+---------+-------
        D:1 |      52 |       0 |   0.0 |      28 |       0 |   0.0
        D:2 |      23 |      37 |  61.7 |      13 |       1 |   7.1
        D:3 |      15 |     280 |  94.9 |       8 |      17 |  68.0
        D:4 |     762 |       0 |   0.0 |      23 |       0 |   0.0
            +---------+---------+-------+---------+---------+-------
